 Dungeon Sprint DCSS version 0.27-a0-1502-g47ed6a6988 (webtiles) character file.

Game seed: 5658118328115030874

57947 mhtbhm the Hoplite (level 14, -2/100 HPs)
             Began as a Gargoyle Fighter on July 8, 2021.
             Was the Champion of Qazlal.
             Killed from afar by a Hell Sentinel (30 damage)
             ... with damnation
             ... in the Dungeon (Sprint VII: "The Pits") on July 9, 2021.
             The game lasted 00:17:37 (4899 turns).

mhtbhm the Hoplite (Gargoyle Fighter)               Turns: 4899, Time: 00:17:38

Health: -2/100     AC: 40    Str: 25    XL:     14   Next: 88%
Magic:  15/27      EV: 10    Int:  9    God:    Qazlal [******]
Gold:   54         SH: 34    Dex:  9    Spells: 13/13 levels left

rFire    + + .     SeeInvis .   a - +5 morningstar (vorpal)
rCold    + . .     Faith    .   c - +1 tower shield
rNeg     + . .     Spirit   .   b - +2 gold dragon scales
rPois    ∞         Reflect  .   s - +1 helmet
rElec    +         Harm     .   n - +1 cloak {Will+}
rCorr    .         Rampage  .   r - +0 pair of gloves
Will     ++...     NoTele   +   t - +0 pair of boots
Stlth    ..........             E - amulet of the acrobat
HPRegen  0.26/turn              A - ring of protection from fire
MPRegen  0.20/turn              p - +3 ring of evasion

@: flying, studying Ice Magic, repel missiles
A: sickness immunity, AC +10, big wings, negative energy resistance 1,
electricity resistance, torment resistance 1, petrification resistance
a: Renounce Religion, Upheaval, Elemental Force, Disaster Area


You were in the Dungeon.
You worshipped Qazlal.
Qazlal was exalted by your worship.
You visited 1 branch You collected 54 gold pieces.

Inventory:

Hand Weapons
 a - a +5 vorpal morningstar (weapon)
Missiles
 u - a curare-tipped dart (quivered)
Armour
 b - +2 gold dragon scales (worn)
 c - a +1 tower shield (worn)
 n - a +1 cloak of willpower (worn)
 r - a +0 pair of gloves (worn)
 s - a +1 helmet (worn)
 t - a +0 pair of boots (worn)
Jewellery
 p - a +3 ring of evasion (right hand)
 A - a ring of protection from fire (left hand)
 C - a ring of protection from cold
 E - an amulet of the acrobat (around neck)
 G - a ring of fire
Scrolls
 j - 2 scrolls of blinking
 k - 6 scrolls of amnesia
 l - a scroll of summoning
 w - 3 scrolls of fear
 x - a scroll of identify
 y - 2 scrolls of fog
Potions
 d - 4 potions of might
 e - 10 potions of curing
 f - a potion of invisibility
 g - 2 potions of haste
 h - 3 potions of magic
 i - 7 potions of berserk rage
 m - a potion of resistance
 o - 4 potions of brilliance
 q - a potion of mutation
 v - a potion of lignification
 D - a potion of flight
Miscellaneous
 H - a condenser vane


   Skills:
 + Level 16.0 Fighting
 + Level 16.6 Maces & Flails
 + Level 1.8 Throwing
 + Level 14.5 Armour
 + Level 7.3 Dodging
 + Level 8.2 Stealth
 + Level 24.1 Shields
 * Level 19.1 Invocations
 + Level 0.6 Evocations


You had 13 spell levels left.
You didn't know any spells.
Your spell library was empty.

Dungeon Overview and Level Annotations

Branches:
Dungeon (1/1)

Altars:
Ashenzari
Cheibriados
Dithmenos
Elyvilon
Fedhas
Gozag
Hepliaklqana
Kikubaaqudgha
Makhleb
Nemelex Xobeh
Okawaru
Qazlal
Ru
Sif Muna
Trog
Uskayaw
Vehumet
Wu Jian
Xom
Yredelemnul
Zin
The Shining One
Beogh
Jiyva
Lugonu


Innate Abilities, Weirdness & Mutations

You are immune to sickness and miasma.
Your stone body is resilient. (AC +10)
You are immune to poison.
Your large and strong wings let you fly.
You resist negative energy. (rN+)
You are resistant to electric shocks. (rElec)
You are resistant to unholy torment.
You are immune to petrification.


Message History

The Hell Sentinel is heavily wounded.
The balrug gestures at you.
The bolt of fire hits the Hell Sentinel.
The Hell Sentinel completely resists.
The bolt of fire hits you! You resist. The Hell Sentinel barely misses you.
The Hell Sentinel completely misses you.
Unknown command.
Okay, then.
You hit the Hell Sentinel.
The Hell Sentinel is heavily wounded.
You block the Hell Sentinel's attack. The Hell Sentinel hits you.
You hit the Hell Sentinel but do no damage.
The Hell Sentinel is heavily wounded.
The balrug gestures at you. Something smites you!
* * * LOW HITPOINT WARNING * * *
You impale the Hell Sentinel!!
The Hell Sentinel is severely wounded.
You block the Hell Sentinel's attack. x2
Unknown command.
Unknown command.
You hit the Hell Sentinel but do no damage.
The Hell Sentinel is severely wounded.
You block the Hell Sentinel's attack.
The Hell Sentinel hits you but does no damage.
You hit the Hell Sentinel but do no damage.
The Hell Sentinel is severely wounded.
You hit the Hell Sentinel but do no damage.
The Hell Sentinel is severely wounded.
The Hell Sentinel hits you but does no damage.
You block the Hell Sentinel's attack.
Unknown command.
Okay, then.
Nature churns violently around you!
The blast of rubble hits the balrug!!
You kill the balrug!
Qazlal accepts your kill. The Hell Sentinel gestures at you.
The sphere of damnation explodes!
The damnation engulfs you!!
You die...

#+#
##§##
§§§
.§§
#§#
#)#
#1#
#@#
#.#
#§#
#.#
#)#
#≈#
#÷#
#.#
#'#


You could see a Hell Sentinel.

Vanquished Creatures
  A golden dragon (D)
  An Ice Fiend (D)
  A titan (D)
  Frances (D)
  A fire giant (D)
  2 orc warlords (D)
  2 balrugs (D)
  A deep elf sorcerer (D)
  An emperor scorpion (D)
  An angel (D)
  A red draconian (D)
  A deep elf demonologist (D)
  Josephine (D)
  A yaktaur captain (D)
  A naga warrior (D)
  A hell beast (D)
  A spriggan air mage (D)
  A vault guard (D)
  An anaconda (D)
  2 death knights (D)
  A two-headed ogre (D)
  A dancing weapon (D)
  An orc high priest (D)
  4 hell hogs (D)
  2 deep elf knights (D)
  Sonja (D)
  5 skeletal warriors (D)
  A sea snake (D)
  A deep troll (D)
  2 swamp dragons (D)
  A spriggan druid (D)
  15 orc knights (D)
  A deep elf zephyrmancer (D)
  2 phantasmal warriors (D)
  2 cyclopes (D)
  An ugly thing (D)
  An orc sorcerer (D)
  2 wolf spiders (D)
  A guardian serpent (D)
  A moth of wrath (D)
  A merfolk siren (D)
  2 gargoyles (D)
  A cane toad (D)
  A smoke demon (D)
  A molten gargoyle (D)
  An orange demon (D)
  A yaktaur (D)
  2 komodo dragons (D)
  A demonic crawler (D)
  A hellwing (D)
  An ice devil (D)
  2 wind drakes (D)
  A wandering mushroom (D)
  A jumping spider (D)
  2 trolls (D)
  10 dream sheep (D)
  2 redbacks (D)
  A flying skull (D)
  A yak (D)
  A vampire (D)
  A ynoxinul (D)
  A spriggan (D)
  A water elemental (D)
  A fire bat (D)
  5 wraiths (D)
  2 fire elementals (D)
  A neqoxec (D)
  4 vampire mosquitoes (D)
  A warg (D)
  A floating eye (D)
  3 water moccasins (D)
  3 orc warriors (D)
  3 ice beasts (D)
  An ogre (D)
  3 wolves (D)
  A kobold brigand (D)
  Blork the orc (D)
  A bullfrog (D)
  A scorpion (D)
  A crimson imp (D)
  3 hounds (D)
  2 orc priests (D)
  A gnoll (D)
  A river rat (D)
  2 adders (D)
  A white imp (D)
  An ufetubus (D)
  A worm (D)
  11 orcs (D)
  4 giant cockroaches (D)
  2 jackals (D)
  A quokka (D)
  A ball python zombie (D)
  3 bats (D)
  A goblin (D)
  A jackal simulacrum (D)
  A kobold (D)
  A rat (D)
177 creatures vanquished.

Vanquished Creatures (collateral kills)
  A deep elf zephyrmancer (D)
  An eye of devastation (D)
  A hellwing (D)
  A polar bear (D)
  A snapping turtle (D)
  An orc wizard (D)
  A bat skeleton (D)
7 creatures vanquished.

Grand Total: 184 creatures vanquished

Notes
Turn   | Place    | Note
-------+----------+-------------------------------------------
     0 | D        | mhtbhm the Gargoyle Fighter began the quest for the Orb.
     0 | D        | Reached XP level 1. HP: 14/14 MP: 1/1
    11 | D        | Noticed a scorpion
    28 | D        | Killed a scorpion
    29 | D        | Reached skill level 5 in Fighting
    29 | D        | Reached skill level 5 in Armour
    29 | D        | Reached skill level 5 in Shields
    29 | D        | Reached XP level 2. HP: 3/21 MP: 2/2
    29 | D        | Reached XP level 3. HP: 4/26 MP: 3/3
    29 | D        | Reached XP level 4. HP: 5/31 MP: 4/4
   149 | D        | Found a bloodstained altar of Trog.
   149 | D        | Found a shimmering blue altar of Sif Muna.
   149 | D        | Found a viscous altar of Jiyva.
   149 | D        | Found a hazy altar of Hepliaklqana.
   149 | D        | Found an opulent altar of Gozag.
   150 | D        | Found a glowing golden altar of the Shining One.
   150 | D        | Found a glowing silver altar of Zin.
   150 | D        | Found a basalt altar of Yredelemnul.
   150 | D        | Found a shimmering altar of Xom.
   150 | D        | Found an ornate altar of the Wu Jian Council.
   150 | D        | Found a sacrificial altar of Ru.
   150 | D        | Found a stormy altar of Qazlal.
   150 | D        | Found an iron altar of Okawaru.
   150 | D        | Found a sparkling altar of Nemelex Xobeh.
   150 | D        | Found a burning altar of Makhleb.
   150 | D        | Found a blossoming altar of Fedhas.
   150 | D        | Found a white marble altar of Elyvilon.
   150 | D        | Found a shadowy altar of Dithmenos.
   150 | D        | Found a snail-covered altar of Cheibriados.
   152 | D        | Found a radiant altar of Vehumet.
   152 | D        | Found a corrupted altar of Lugonu.
   153 | D        | Found a hide-covered altar of Uskayaw.
   153 | D        | Found an ancient bone altar of Kikubaaqudgha.
   153 | D        | Found a broken altar of Ashenzari.
   163 | D        | Became a worshipper of Qazlal Stormbringer
   320 | D        | Noticed a floating eye
   324 | D        | Killed a floating eye
   325 | D        | Reached skill level 7 in Shields
   325 | D        | Reached XP level 5. HP: 38/38 MP: 5/5
   443 | D        | Reached * piety under Qazlal
   545 | D        | Reached ** piety under Qazlal
   548 | D        | Reached skill level 1 in Dodging
   599 | D        | Noticed a fire bat
   616 | D        | Killed a fire bat
   617 | D        | Reached skill level 5 in Maces & Flails
   617 | D        | Reached skill level 8 in Shields
   617 | D        | Reached XP level 6. HP: 44/44 MP: 6/6
   697 | D        | Reached *** piety under Qazlal
   698 | D        | Reached skill level 9 in Shields
   701 | D        | Noticed a flying skull
   704 | D        | Noticed a warg
   718 | D        | Killed a flying skull
   719 | D        | Reached XP level 7. HP: 32/50 MP: 7/7
   720 | D        | Reached **** piety under Qazlal
   726 | D        | Killed a warg
   727 | D        | Reached skill level 10 in Shields
   943 | D        | Reached ***** piety under Qazlal
   944 | D        | Reached XP level 8. HP: 55/56 MP: 8/8
   959 | D        | Reached skill level 11 in Shields
  1064 | D        | Noticed an orange demon
  1072 | D        | Killed an orange demon
  1073 | D        | Reached skill level 10 in Armour
  1198 | D        | Noticed a dream sheep
  1199 | D        | Noticed a dream sheep
  1199 | D        | Noticed a dream sheep
  1200 | D        | Noticed a dream sheep
  1200 | D        | Noticed a dream sheep
  1200 | D        | Noticed a dream sheep
  1212 | D        | Killed a dream sheep
  1213 | D        | Reached skill level 12 in Shields
  1214 | D        | Reached skill level 10 in Maces & Flails
  1214 | D        | Reached XP level 9. HP: 48/62 MP: 9/9
  1214 | D        | Reached ****** piety under Qazlal
  1215 | D        | Reached skill level 10 in Fighting
  1220 | D        | Reached skill level 13 in Shields
  1292 | D        | Noticed an orc knight
  1294 | D        | Noticed a demonic crawler
  1299 | D        | Noticed a komodo dragon
  1310 | D        | Killed a komodo dragon
  1311 | D        | Reached skill level 1 in Invocations
  1313 | D        | Killed an orc knight
  1314 | D        | Reached XP level 10. HP: 46/68 MP: 3/12
  1406 | D        | Noticed a spriggan druid
  1413 | D        | Killed a spriggan druid
  1414 | D        | Reached skill level 14 in Shields
  1568 | D        | Noticed a smoke demon
  1573 | D        | Reached skill level 5 in Invocations
  1577 | D        | Killed a smoke demon
  1593 | D        | Noticed an orc sorcerer
  1596 | D        | Noticed an orc high priest
  1597 | D        | Noticed a smoke demon
  1598 | D        | Noticed a rust devil
  1599 | D        | Killed an orc sorcerer
  1600 | D        | Reached skill level 15 in Shields
  1604 | D        | Noticed Josephine
  1610 | D        | Killed an orc high priest
  1614 | D        | Reached skill level 5 in Dodging
  1631 | D        | Killed Josephine
  1632 | D        | Reached skill level 16 in Shields
  1632 | D        | Reached XP level 11. HP: 36/74 MP: 16/16
  1882 | D        | Noticed an anaconda
  1905 | D        | Killed an anaconda
  2196 | D        | Noticed a deep troll
  2199 | D        | Noticed a cyclops
  2211 | D        | Killed a deep troll
  2218 | D        | Killed a cyclops
  2219 | D        | Reached skill level 17 in Shields
  2234 | D        | Noticed Blork the orc
  2251 | D        | Killed Blork the orc
  2271 | D        | Noticed a green ugly thing
  2271 | D        | Noticed a cyclops
  2279 | D        | Killed a cyclops
  2283 | D        | Noticed an orc knight
  2285 | D        | Noticed a two-headed ogre
  2286 | D        | Killed a green ugly thing
  2287 | D        | Reached skill level 10 in Invocations
  2292 | D        | Reached XP level 12. HP: 81/82 MP: 19/19
  2298 | D        | Noticed Sonja
  2307 | D        | Reached skill level 18 in Shields
  2310 | D        | Killed Sonja
  2345 | D        | Killed a two-headed ogre
  2358 | D        | Reached skill level 19 in Shields
  2757 | D        | Noticed a fire giant
  2757 | D        | Noticed a death knight
  2775 | D        | Reached skill level 20 in Shields
  2783 | D        | Killed a fire giant
  2797 | D        | Killed a death knight
  3086 | D        | Noticed a hell beast
  3094 | D        | Reached XP level 13. HP: 83/89 MP: 15/22
  3104 | D        | Reached skill level 1 in Stealth
  3155 | D        | Reached skill level 21 in Shields
  3157 | D        | Noticed an angel
  3197 | D        | Killed an angel
  3198 | D        | Reached skill level 15 in Maces & Flails
  3227 | D        | Identified the +7 shortbow of Action {flame, rElec rF+
                  | Int-5}
  3775 | D        | Noticed an emperor scorpion
  3776 | D        | Noticed an orc warlord
  3776 | D        | Noticed an orc warlord
  3779 | D        | Noticed Frances
  3786 | D        | Reached skill level 22 in Shields
  3786 | D        | Noticed a naga warrior
  3788 | D        | Killed an orc warlord
  3788 | D        | Killed Frances
  3788 | D        | Killed an orc warlord
  3789 | D        | Reached skill level 15 in Invocations
  3795 | D        | Killed an emperor scorpion
  3796 | D        | Reached skill level 5 in Stealth
  3796 | D        | Gained mutation: Your large and strong wings let you fly.
                  | [Gargoyle growth]
  3796 | D        | Reached XP level 14. HP: 59/96 MP: 8/26
  3797 | D        | Reached skill level 15 in Fighting
  3811 | D        | Reached skill level 23 in Shields
  3837 | D        | Noticed a deep elf demonologist
  3842 | D        | Killed a deep elf demonologist
  3843 | D        | Reached skill level 1 in Throwing
  4337 | D        | Noticed a titan
  4351 | D        | Killed a titan
  4462 | D        | Noticed a golden dragon
  4471 | D        | Killed a golden dragon
  4477 | D        | Noticed a red draconian
  4487 | D        | Killed a red draconian
  4617 | D        | Noticed an Ice Fiend
  4631 | D        | Killed an Ice Fiend
  4868 | D        | Noticed a balrug
  4868 | D        | Noticed a balrug
  4868 | D        | Noticed a deep elf sorcerer
  4868 | D        | Noticed a Hell Sentinel
  4874 | D        | Killed a deep elf sorcerer
  4880 | D        | Reached skill level 24 in Shields
  4886 | D        | Killed a balrug
  4899 | D        | Killed a balrug
  4899 | D        | Killed from afar by a Hell Sentinel

Illustrated notes

Levels and vault maps discovered:
D:        pitsprint [storerooms_1, entrance_room_1, metal_vault_4, armoury_1,
          mini_pit_1, grid_room_1, main_hall_1, silver_pit, the_coven_3,
          the_vestibule_1, steel_vault_1, golden_pit, hallway_of_sentries,
          crystal_vault_1, iron_vault_5, final_vault]

Skill      XL: |  1  2  3  4  5  6  7  8  9 10 11 12 13 14 |
---------------+-------------------------------------------+-----
Fighting       | 5 7 8 9 10 11 12 13 14 16 | 16.0
Armour         | 5 7 8 9 10 11 12 13 14 | 14.5
Shields        | 5 7 8 9 10 12 13 16 17 20 22 24 | 24.1
Maces & Flails | 3 5 6 7 10 11 12 14 15 16 | 16.6
Dodging        | 1 2 3 4 5 6 7 |  7.3
Invocations    | 3 7 10 12 16 19 | 19.1
Stealth        | 5 8 |  8.2
Throwing       | 1 |  1.8
Evocations     | |  0.6

Action                   |  1- 3 |  4- 6 |  7- 9 | 10-12 | 13-15 || total
-------------------------+-------+-------+-------+-------+-------++-------
Melee: Flail             |    15 |    21 |    92 |   327 |   182 ||   637
       Mace              |       |    42 |       |       |       ||    42
       Morningstar       |       |       |       |       |    74 ||    74
Throw: Dart              |       |       |       |       |     4 ||     4
Invok: Elemental Force   |       |       |     1 |     1 |     5 ||     7
       Disaster Area     |       |       |       |     1 |     6 ||     7
Evoke: Condenser vane    |       |       |       |       |     3 ||     3
  Use: Potion            |     1 |       |       |     4 |     9 ||    14
       Scroll            |       |       |       |       |     3 ||     3
 Stab: Paralysed         |       |       |       |       |     4 ||     4
       Invisible         |       |       |       |       |     5 ||     5
Armor: Scale mail        |     3 |    18 |       |       |       ||    21
       Chain mail        |       |     7 |    39 |   106 |    53 ||   205
       Gold dragon scale |       |       |       |       |    10 ||    10
Dodge: Dodged            |     3 |    26 |    25 |    81 |    63 ||   198
       Repelled          |       |       |       |     1 |       ||     1
Block: Kite shield       |    15 |    40 |   105 |   411 |   209 ||   780
       Tower shield      |       |       |       |       |    51 ||    51

Table legend: (Time is in decaauts)
 A = Elapsed time spent in this place.
 B = Non-inter-level travel time spent in this place.
 C = Inter-level travel time spent in this place.
 D = Time resting spent in this place.
 E = Time spent auto-exploring this place.
 F = Levels seen in this place.
 G = Mean time per level.
                   A        B        C        D        E       F      G
               +--------+--------+--------+--------+--------+-----+--------+
         Total |   4778 |   4778 |      0 |   2521 |      0 |   1 | 4778.0 |
       Dungeon |   4778 |   4778 |      0 |   2521 |      0 |   1 | 4778.0 |
               +--------+--------+--------+--------+--------+-----+--------+

Top non-repeatable levels by time:
       D: 4778 daAuts
